[Event "Moscow-ch Men 2020"]
[Site "Moscow"]
[Date "2020.09.15"]
[Round "2.5"]
[White "Rostovtsev, Dmitry"]
[Black "Usov, Alexander"]
[Result "1-0"]
[ECO "B12"]
[WhiteElo "1737"]
[BlackElo "1606"]
[Annotator "NA RC"]
[PlyCount "97"]
[EventDate "2020.09.15"]
[EventType "swiss"]
[EventCountry "RUS"]
[SourceTitle "playchess.com"]
[Source "ChessBase"]
[SourceQuality "1"]
[TimeControl "5400+30"]

1. e4 c6 2. d4 d5 3. e5 c5 4. dxc5 Nc6 5. Nf3 Bg4 6. c3 e6 7. Be3 Nge7 8. Nbd2 Nf5 9. Bd4 f6 10. Qa4 Kf7 11. Bb5 Qc7 12. Bxc6 bxc6 13. h3 Bxf3 14. Nxf3 Be7 15. O-O h5 16. Rfe1 h4 17. Re2 Nxd4 18. Nxd4 f5 19. Qxc6 Qxc6 20. Nxc6 Bxc5 21. Rd1 Rac8 22. Nd4 g5 23. Kh2 a5 24. a4 Ba7 25. Nb5 Bb8 26. b4 Rc4 27. Rd4 Rhc8 28. bxa5 R8c6 29. g3 hxg3+ 30. Kxg3 Ra6 31. Rxc4 dxc4 32. f4 gxf4+ 33. Kxf4 Rxa5 34. Rd2 Ke7 35. Ra2 Kf7 36. h4 Ba7 37. Nxa7 Rxa7 38. a5 Ra6 39. Ke3 Kg6 40. Kd4 Kh5 41. Kxc4 Kxh4 42. Kb5 Ra8 43. a6 Kg3 44. Kc6 Kf4 45. Ra5 Ke3 46. a7 f4 47. Kb7 Rd8 48. a8=Q Rxa8 49. Rxa8 1-0

[Event "Moscow-ch Men 2020"]
[Site "Moscow"]
[Date "2020.09.15"]
[Round "3.5"]
[White "Fedosov, Alexander"]
[Black "Bukreev, Stanislav"]
[Result "0-1"]
[ECO "A77"]
[WhiteElo "1324"]
[BlackElo "1468"]
[Annotator "NA RC"]
[PlyCount "56"]
[EventDate "2020.09.15"]
[EventType "swiss"]
[EventCountry "RUS"]
[SourceTitle "playchess.com"]
[Source "ChessBase"]
[SourceQuality "1"]
[TimeControl "5400+30"]

1. d4 Nf6 2. Nf3 c5 3. d5 e6 4. c4 exd5 5. cxd5 d6 6. Nc3 g6 7. e4 Bg7 8. Be2 O-O 9. O-O Re8 10. Nd2 a6 11. a4 b6 12. Qc2 Ra7 13. Nc4 Rae7 14. f3 Bb7 15. Ra3 Nxd5 16. exd5 Bxc3 17. Qxc3 Rxe2 18. Ne3 Qh4 19. Ng4 Nd7 20. Nh6+ Kf8 21. Qh8+ Ke7 22. Qxh7 Qd4+ 23. Kh1 Kd8 24. Nxf7+ Kc7 25. Bg5 Qf2 26. Rg1 Re1 27. Bd8+ Kb8 28. Bc7+ Kxc7 0-1

[Event "Moscow-ch Men 2020"]
[Site "Moscow"]
[Date "2020.09.17"]
[Round "5.1"]
[White "Maslovskiy, Vladimir"]
[Black "Antipov, Mikhail Al."]
[Result "1/2-1/2"]
[ECO "C54"]
[WhiteElo "1767"]
[BlackElo "2584"]
[Annotator "ChessBase"]
[PlyCount "74"]
[EventDate "2020.09.15"]
[EventType "swiss"]
[EventCountry "RUS"]
[TimeControl "5400+30"]

1. e4 e5 2. Nf3 Nc6 3. d4 exd4 4. Bc4 Bc5 5. c3 Nf6 6. cxd4 Bb4+ 7. Bd2 Nxe4 8. Bxb4 Nxb4 9. Bxf7+ Kxf7 10. Qb3+ d5 11. Qxb4 Rf8 12. O-O Kg8 13. Qb3 Bg4 14. Nbd2 Bxf3 15. Nxf3 Qd6 16. Rfe1 Rae8 17. Re2 Ng5 18. Ne5 Ne6 19. Rd1 b6 20. Qc3 c5 21. dxc5 bxc5 22. Nf3 Nf4 23. Rxe8 Rxe8 24. Qb3 Qg6 25. g3 c4 26. Qb5 Rf8 27. Qd7 h6 28. Nh4 Qc2 29. Rf1 Ne2+ 30. Kg2 d4 31. Qe6+ Kh7 32. Qe7 Rf6 33. Re1 d3 34. Qe4+ Kg8 35. Qe8+ Kh7 36. Qe4+ Kg8 37. Qe8+ Kh7 1/2-1/2

[Event "Moscow-ch Men 2020"]
[Site "Moscow"]
[Date "2020.09.17"]
[Round "5.2"]
[White "Stukan, Martin"]
[Black "Galaktionov, Artem"]
[Result "1/2-1/2"]
[ECO "B15"]
[WhiteElo "2325"]
[BlackElo "2319"]
[Annotator "ChessBase"]
[PlyCount "99"]
[EventDate "2020.09.15"]
[EventType "swiss"]
[EventCountry "RUS"]
[TimeControl "5400+30"]

1. e4 c6 2. d4 d5 3. Nc3 dxe4 4. Nxe4 g6 5. Nf3 Bg7 6. Bc4 Nh6 7. h4 Nd7 8. Bg5 Nb6 9. Bb3 f6 10. Bd2 Nd5 11. Qe2 O-O 12. Nc5 Qd6 13. c4 Nf4 14. Bxf4 Qxf4 15. Ne6 Bxe6 16. Qxe6+ Kh8 17. O-O Nf5 18. Rfe1 Nxd4 19. Nxd4 Qxd4 20. Qxe7 Qxh4 21. Rad1 c5 22. Rd7 Qh6 23. Qxc5 b6 24. Qe7 f5 25. Re3 Bf6 26. Qd6 Rad8 27. Rxd8 Bxd8 28. Ba4 Qg7 29. Re2 Bf6 30. b3 Rd8 31. Re8+ Rxe8 32. Bxe8 Be7 33. Qe6 Bc5 34. g3 Qb2 35. Qe1 Kg7 36. Bc6 Kf6 37. Bd5 a5 38. Bc6 h5 39. Kf1 Qd4 40. Bd5 h4 41. gxh4 Qxh4 42. Qd2 g5 43. Bg2 Kg6 44. Qe2 g4 45. Qe6+ Qf6 46. Bd5 Kg5 47. Qxf6+ Kxf6 48. a4 Ke5 49. f3 g3 50. Bc6 1/2-1/2

[Event "Moscow-ch Men 2020"]
[Site "Moscow"]
[Date "2020.09.17"]
[Round "5.3"]
[White "Gubajdullin, Alexei"]
[Black "Rostovtsev, Dmitry"]
[Result "0-1"]
[ECO "A45"]
[WhiteElo "2344"]
[BlackElo "1737"]
[Annotator "ChessBase"]
[PlyCount "82"]
[EventDate "2020.09.15"]
[EventType "swiss"]
[EventCountry "RUS"]
[TimeControl "5400+30"]

1. d4 Nf6 2. Bf4 c5 3. e3 Qb6 4. b3 g6 5. Nf3 Bg7 6. Be2 O-O 7. O-O Nc6 8. Nc3 d6 9. d5 Qa5 10. Na4 Nb4 11. c4 b5 12. cxb5 Nbxd5 13. Nd2 Nxf4 14. exf4 Bb7 15. Nc4 Qc7 16. Rc1 Nd7 17. Bf3 Rab8 18. Re1 Rfe8 19. Bxb7 Qxb7 20. Nc3 Bxc3 21. Rxc3 Qxb5 22. Rce3 Nb6 23. Nxb6 axb6 24. f5 Qd7 25. Rf3 e5 26. f6 e4 27. Rf4 d5 28. Qd2 Qe6 29. Qe3 Qe5 30. f3 Re6 31. fxe4 Rbe8 32. Ref1 dxe4 33. Kh1 Rd8 34. h3 Rd3 35. Qe2 Qd5 36. Qg4 e3 37. Re1 Rd2 38. Rf3 Rd1 39. Rxd1 Qxd1+ 40. Kh2 Qd6+ 41. Rg3 e2 0-1

[Event "Moscow-ch Men 2020"]
[Site "Moscow"]
[Date "2020.09.17"]
[Round "5.7"]
[White "Tunik, Sergey"]
[Black "Uskov, Artem"]
[Result "1/2-1/2"]
[ECO "D36"]
[WhiteElo "2160"]
[BlackElo "2164"]
[Annotator "ChessBase"]
[PlyCount "94"]
[EventDate "2020.09.15"]
[EventType "swiss"]
[EventCountry "RUS"]
[TimeControl "5400+30"]

1. d4 d5 2. c4 e6 3. Nc3 Nf6 4. Bg5 Be7 5. e3 O-O 6. cxd5 exd5 7. Bd3 c6 8. Qc2 Nbd7 9. Nf3 Re8 10. h3 Nf8 11. O-O-O Ne4 12. Bxe7 Qxe7 13. Bxe4 dxe4 14. Nd2 f5 15. Kb1 Be6 16. Ne2 Ng6 17. Rhg1 Qf7 18. a3 Bd5 19. Rdf1 f4 20. h4 f3 21. gxf3 exf3 22. Nc3 Nxh4 23. Rh1 Ng6 24. Rh3 Be6 25. Rxf3 Qd7 26. Rg3 Rf8 27. Nde4 Bf5 28. f3 Rae8 29. Ka1 Nh4 30. Rh1 Qe7 31. Qb3+ Be6 32. d5 cxd5 33. Nxd5 Qf7 34. Ndf6+ Kh8 35. Rxh4 gxf6 36. Qd1 Rd8 37. Qh1 Bf5 38. Rg1 Rd3 39. Rf4 Bxe4 40. Rxe4 Rfd8 41. Rc1 a5 42. Qe1 b6 43. Rd4 R3xd4 44. exd4 Qd7 45. Rd1 Re8 46. Qh4 Qf5 47. d5 Qxf3 1/2-1/2

[Event "Moscow-ch Men 2020"]
[Site "Moscow"]
[Date "2020.09.19"]
[Round "7.2"]
[White "Stukan, Martin"]
[Black "Apryshko, Gleb"]
[Result "0-1"]
[ECO "B28"]
[WhiteElo "2325"]
[BlackElo "2388"]
[Annotator "ChessBase"]
[PlyCount "88"]
[EventDate "2020.09.15"]
[EventType "swiss"]
[EventCountry "RUS"]
[SourceTitle "playchess.com"]
[Source "ChessBase"]
[SourceQuality "1"]
[TimeControl "5400+30"]

1. e4 c5 2. Nf3 a6 3. c3 g6 4. d4 cxd4 5. cxd4 d5 6. e5 Bg4 7. Qb3 Ra7 8. Be2 Nc6 9. Nc3 e6 10. Bg5 Qa5 11. Rd1 Nge7 12. Bf6 Rg8 13. Ng1 Bxe2 14. Ngxe2 Nc8 15. O-O Nb6 16. Nb1 Qb5 17. Qf3 Qxb2 18. Nbc3 Qb4 19. Qh3 Bg7 20. Rb1 Qa5 21. Qxh7 Kf8 22. Bxg7+ Rxg7 23. Qh8+ Rg8 24. Qf6 Nd7 25. Qf3 Ke7 26. Qe3 Kd8 27. Qf4 Ke8 28. Rfc1 Ne7 29. Ng3 Kf8 30. h4 Rh8 31. Qg5 Nc6 32. Qg4 Qd8 33. h5 gxh5 34. Nxh5 Rg8 35. Qd1 Qh4 36. Nf6 Nxf6 37. exf6 Rh8 38. Kf1 Qxf6 39. Ne2 Rh1+ 40. Ng1 Qxd4 41. Qf3 Ne5 42. Rc8+ Kg7 43. Qg3+ Ng6 44. Rc7 b5 0-1

[Event "Moscow-ch Men 2020"]
[Site "Moscow"]
[Date "2020.09.19"]
[Round "7.3"]
[White "Gubajdullin, Alexei"]
[Black "Teiitbaev, Aktilek"]
[Result "1-0"]
[ECO "A48"]
[WhiteElo "2344"]
[BlackElo "2106"]
[Annotator "ChessBase"]
[PlyCount "85"]
[EventDate "2020.09.15"]
[EventType "swiss"]
[EventCountry "RUS"]
[SourceTitle "playchess.com"]
[Source "ChessBase"]
[SourceQuality "1"]
[TimeControl "5400+30"]

1. d4 Nf6 2. Nf3 g6 3. Bf4 Bg7 4. e3 d6 5. Be2 O-O 6. O-O b6 7. h3 Bb7 8. a4 a5 9. Nc3 Nbd7 10. Bh2 Re8 11. Nb5 Ne4 12. c3 Rc8 13. Qb3 e6 14. Rfd1 Qe7 15. Na7 Ra8 16. Nb5 Rac8 17. Nd2 Ndf6 18. Nc4 Bh6 19. Bf3 Bd5 20. Nba3 Ng5 21. Bxd5 exd5 22. Nd2 Nge4 23. Qc2 Nxd2 24. Rxd2 Ne4 25. Re2 Qh4 26. Rae1 Re7 27. Qb3 Nxf2 28. Rxf2 Bxe3 29. Rxe3 Rxe3 30. Nc2 Re7 31. Qxd5 Rce8 32. Qf3 Qg5 33. Bf4 Qf5 34. Ne3 Qe4 35. Nd5 Qxf3 36. Nxe7+ Rxe7 37. Rxf3 Re1+ 38. Rf1 Re2 39. Rf2 Re1+ 40. Kh2 f6 41. Bh6 Kf7 42. Bg5 f5 43. Bd8 1-0

[Event "Moscow-ch Men 2020"]
[Site "Moscow"]
[Date "2020.09.19"]
[Round "7.4"]
[White "Anfinogenov, Artem"]
[Black "Rostovtsev, Dmitry"]
[Result "0-1"]
[ECO "E91"]
[WhiteElo "2054"]
[BlackElo "1737"]
[Annotator "NA"]
[PlyCount "132"]
[EventDate "2020.09.15"]
[EventType "swiss"]
[EventCountry "RUS"]
[SourceTitle "playchess.com"]
[Source "ChessBase"]
[SourceQuality "1"]
[TimeControl "5400+30"]

1. d4 Nf6 2. c4 g6 3. Nc3 Bg7 4. e4 d6 5. Be2 O-O 6. Bg5 Na6 7. Qd2 c6 8. Nf3 Nc7 9. O-O d5 {[%emt 0:01:39] E91: King's Indian: Classical: 6 Be2, unusual replies including 6...c5 and 6...Bg4.} 10. cxd5 cxd5 11. e5 Ne4 12. Nxe4 (12. Qe3 $11) 12... dxe4 13. Ne1 f6 14. exf6 exf6 15. Be3 {[%emt 0:01:43] [#]} Be6 $146 ({Predecessor:} 15... Nd5 16. Nc2 Be6 17. Bh6 Bxh6 18. Qxh6 Qc7 19. Qd2 Rac8 20. Ne3 Qd6 21. Nxd5 Bxd5 22. b3 Rc7 23. Rac1 Rfc8 24. Rxc7 Rxc7 25. Rc1 {½-½ (25) Bouma,J (1678)-Richardson,J (1688) Chessfriend.com 2004}) 16. f3 exf3 17. Nxf3 Nd5 18. Bh6 Qd7 19. Bxg7 Kxg7 20. Rfe1 Rfd8 21. Bc4 Rac8 22. Rac1 Bf7 23. a3 Rc7 24. Bb3 Rdc8 25. Rxc7 Qxc7 26. Bxd5 Bxd5 27. Qb4 Kg8 28. Re7 $17 Qf4 29. Qb5 Bxf3 30. Re8+ Rxe8 31. Qxe8+ Kg7 32. Qd7+ Kh6 33. gxf3 Qxf3 34. d5 Qe3+ 35. Kg2 Qd2+ 36. Kf3 Qd3+ 37. Kf2 Qc2+ 38. Ke3 Qb3+ 39. Kf2 Qxb2+ 40. Kg1 Qc1+ 41. Kf2 Qd2+ 42. Kg1 Qe3+ 43. Kg2 Qe4+ 44. Kf2 Qf4+ 45. Kg2 Qd2+ 46. Kg1 Qe1+ 47. Kg2 Qe2+ 48. Kg1 f5 49. d6 Qd1+ 50. Kf2 Qd4+ 51. Kf3 Qd3+ 52. Kf2 f4 53. Qe6 Qd2+ 54. Kf3 Qxh2 55. d7 Qg3+ 56. Ke4 Qe3+ 57. Kd5 Qd3+ 58. Ke5 f3 59. Qh3+ Kg7 60. Ke6 Qe4+ 61. Kd6 Qc6+ 62. Ke5 Qf6+ 63. Kd5 f2 64. Kc5 f1=Q 65. Qxf1 Qxf1 66. d8=Q Qf8+ 0-1

[Event "Moscow-ch Men 2020"]
[Site "Moscow"]
[Date "2020.09.19"]
[Round "7.5"]
[White "Maslovskiy, Vladimir"]
[Black "Fedosov, Alexander"]
[Result "1-0"]
[ECO "B13"]
[WhiteElo "1767"]
[BlackElo "1324"]
[Annotator "NA"]
[PlyCount "95"]
[EventDate "2020.09.15"]
[EventType "swiss"]
[EventCountry "RUS"]
[SourceTitle "playchess.com"]
[Source "ChessBase"]
[SourceQuality "1"]
[TimeControl "5400+30"]

1. e4 c6 2. d4 d5 3. exd5 cxd5 4. Bd3 Nc6 5. c3 Nf6 6. h3 g6 7. Nf3 Bf5 8. O-O e6 9. Qe2 Bd6 10. Re1 a6 11. Ne5 Bxe5 12. dxe5 Nd7 13. f4 Nc5 14. Bxf5 gxf5 15. Be3 Ne4 16. Nd2 Qh4 17. Nxe4 fxe4 18. Qg4 Qxg4 19. hxg4 h5 20. gxh5 Rxh5 21. Kf2 Kd7 22. Rh1 Rah8 23. Rxh5 Rxh5 24. Bc5 Kc7 25. Rg1 Rh4 26. g4 Rh2+ 27. Rg2 Rh3 28. Rg3 Rh2+ 29. Rg2 Rh3 30. Ke2 Rf3 31. Be3 Rh3 32. Bg1 Ne7 33. Bh2 Ng6 34. f5 Nh4 35. Rf2 Rf3 36. Rxf3 Nxf3 37. Bf4 Kd7 38. f6 Kc6 39. Bg3 d4 40. cxd4 Nxd4+ 41. Ke3 Kd5 42. g5 Nf5+ 43. Kf4 Nxg3 44. g6 Nh5+ 45. Ke3 Kxe5 46. gxf7 Nxf6 47. f8=Q Nd5+ 48. Ke2 1-0

[Event "Moscow-ch Men 2020"]
[Site "Moscow"]
[Date "2020.09.19"]
[Round "7.6"]
[White "Tunik, Sergey"]
[Black "Bukreev, Stanislav"]
[Result "1-0"]
[ECO "A46"]
[WhiteElo "2160"]
[BlackElo "1468"]
[Annotator "ChessBase"]
[PlyCount "69"]
[EventDate "2020.09.15"]
[EventType "swiss"]
[EventCountry "RUS"]
[SourceTitle "playchess.com"]
[Source "ChessBase"]
[SourceQuality "1"]
[TimeControl "5400+30"]

1. d4 Nf6 2. Nf3 c5 3. c3 cxd4 4. cxd4 g6 5. g3 Bg7 6. Bg2 O-O 7. O-O d6 8. Nc3 Bg4 9. Be3 Nc6 10. h3 Bf5 11. g4 Be4 12. g5 Bxf3 13. gxf6 Bxe2 14. fxe7 Qxe7 15. Nxe2 Rac8 16. Qd2 Rfe8 17. Rfe1 a5 18. Rac1 a4 19. Rc3 Nb4 20. Rxc8 Rxc8 21. Qxb4 h5 22. Rc1 Rxc1+ 23. Nxc1 a3 24. Qxa3 Qc7 25. Qc3 Qb6 26. Qc8+ Kh7 27. Qxb7 Qa5 28. Qxf7 Qb6 29. Nd3 d5 30. Bxd5 Qd8 31. Ne5 Kh8 32. Nxg6+ Kh7 33. Ne7 Qxd5 34. Nxd5 h4 35. Nf6+ 1-0

[Event "Moscow-ch Men 2020"]
[Site "Moscow"]
[Date "2020.09.19"]
[Round "7.7"]
[White "Usov, Aleksandr E."]
[Black "Uskov, Artem"]
[Result "1-0"]
[ECO "B52"]
[WhiteElo "2069"]
[BlackElo "2164"]
[Annotator "ChessBase"]
[PlyCount "125"]
[EventDate "2020.09.15"]
[EventType "swiss"]
[EventCountry "RUS"]
[SourceTitle "playchess.com"]
[Source "ChessBase"]
[SourceQuality "1"]
[TimeControl "5400+30"]

1. e4 c5 2. Nf3 d6 3. Bb5+ Bd7 4. Bxd7+ Qxd7 5. c4 Nc6 6. Nc3 Nf6 7. d4 cxd4 8. Nxd4 g6 9. f3 Nxd4 10. Qxd4 Bg7 11. Qd3 O-O 12. Be3 Rfc8 13. O-O Qd8 14. b3 Nd7 15. Rac1 b6 16. Rfd1 Ne5 17. Qe2 Nc6 18. f4 Qf8 19. Qf2 Rd8 20. Nb5 Rac8 21. Nd4 Rd7 22. Rc2 Bxd4 23. Bxd4 f5 24. Ba1 fxe4 25. Qe3 Qf5 26. Rf2 d5 27. cxd5 Rxd5 28. Rxd5 Qxd5 29. Rd2 Qc5 30. Qxc5 bxc5 31. Kf2 Kf7 32. Ke3 Ke6 33. Kxe4 Na5 34. g4 c4 35. Rc2 a6 36. Be5 Rc6 37. f5+ gxf5+ 38. gxf5+ Kd7 39. Rd2+ Ke8 40. Bc3 Nb7 41. b4 Nd6+ 42. Ke5 Rb6 43. a4 Kd7 44. f6 exf6+ 45. Kxf6 Kc6 46. Ke5 Kc7 47. Kd5 Rc6 48. Rf2 Kd7 49. Rf6 h5 50. Rh6 Nf5 51. Rh7+ Ne7+ 52. Rxe7+ Kxe7 53. Kxc6 h4 54. b5 axb5 55. axb5 Ke6 56. b6 h3 57. b7 Kf5 58. b8=Q Ke4 59. Qg3 Kf5 60. Qh4 Kg6 61. Qf6+ Kh5 62. Bd2 Kg4 63. Qf4+ 1-0

[Event "Moscow-ch Men 2020"]
[Site "Moscow"]
[Date "2020.09.21"]
[Round "9.6"]
[White "Fedosov, Alexander"]
[Black "Rostovtsev, Dmitry"]
[Result "1/2-1/2"]
[ECO "D79"]
[WhiteElo "1324"]
[BlackElo "1737"]
[Annotator "NA RC"]
[PlyCount "136"]
[EventDate "2020.09.15"]
[EventType "swiss"]
[EventCountry "RUS"]
[SourceTitle "playchess.com"]
[Source "ChessBase"]
[SourceQuality "1"]
[TimeControl "5400+30"]

1. d4 Nf6 2. Nf3 g6 3. c4 Bg7 4. g3 O-O 5. Bg2 c6 6. O-O d5 7. cxd5 cxd5 8. Nc3 Bf5 9. Ne5 Nc6 10. Nxc6 bxc6 11. Bf4 Ne8 12. Rc1 Qb6 13. Na4 Qxd4 14. Rxc6 Bd7 15. Qxd4 Bxd4 16. Ra6 e6 17. Rd1 Bg7 18. Nb6 Nc7 19. Nxd7 Nxa6 20. Nxf8 Kxf8 21. Bd6+ Ke8 22. e4 Rd8 23. e5 Bf8 24. Bxf8 Kxf8 25. Bf1 Nb4 26. a3 Nc6 27. f4 Rb8 28. b4 Ke7 29. Kf2 Kd7 30. Ke3 g5 31. Rc1 gxf4+ 32. gxf4 a5 33. b5 Na7 34. a4 Nc8 35. f5 Ne7 36. Bh3 exf5 37. Kf4 Rg8 38. Bxf5+ Nxf5 39. Kxf5 Rg2 40. b6 Rf2+ 41. Kg5 Rb2 42. Rc5 Rxb6 43. Rxd5+ Ke6 44. Rxa5 Rb2 45. h4 Rg2+ 46. Kf4 Rf2+ 47. Kg3 Ra2 48. Kg4 Rg2+ 49. Kh5 Rh2 50. Rb5 Ra2 51. a5 Ra4 52. Kg5 h6+ 53. Kh5 Kf5 54. Rb7 Kxe5 55. Rxf7 Rxa5 56. Kxh6 Ke6 57. Rf1 Ra2 58. h5 Rg2 59. Kh7 Ke7 60. h6 Rg3 61. Kh8 Rg6 62. h7 Rg2 63. Ra1 Kf8 64. Ra8+ Kf7 65. Rg8 Rb2 66. Rg7+ Kf8 67. Rg3 Rf2 68. Rf3+ Rxf3 1/2-1/2

[Event "Moscow-ch Men 2020"]
[Site "Moscow"]
[Date "2020.09.21"]
[Round "9.7"]
[White "Bukreev, Stanislav"]
[Black "Maslovskiy, Vladimir"]
[Result "0-1"]
[ECO "D36"]
[WhiteElo "1468"]
[BlackElo "1767"]
[Annotator "NA RC"]
[PlyCount "107"]
[EventDate "2020.09.15"]
[EventType "swiss"]
[EventCountry "RUS"]
[SourceTitle "playchess.com"]
[Source "ChessBase"]
[SourceQuality "1"]
[TimeControl "5400+30"]

1. d4 d5 2. c4 e6 3. Nc3 Nf6 4. Bg5 Be7 5. cxd5 exd5 6. e3 c6 7. Bd3 Nbd7 8. Qc2 O-O 9. Nf3 Re8 10. O-O Nf8 11. Rab1 g6 12. b4 a6 13. a4 Ne6 14. Bxf6 Bxf6 15. b5 axb5 16. axb5 c5 17. Rfe1 cxd4 18. exd4 Nf4 19. Rxe8+ Qxe8 20. Re1 Qd8 21. Qd2 Nxd3 22. Qxd3 Be6 23. Ne2 Qd6 24. Rc1 Rc8 25. Rxc8+ Bxc8 26. h3 Qb4 27. Nf4 Bf5 28. Nxd5 Bxd3 29. Nxb4 Bxb5 30. Nd5 Bg7 31. Nb6 Kf8 32. Kh2 Ke7 33. Nd5+ Kd6 34. Ne3 Be2 35. Ng5 Bxd4 36. Nxf7+ Ke7 37. Ng5 Bxe3 38. fxe3 b5 39. Ne4 b4 40. Nd2 Bd1 41. Kg3 b3 42. Nc4 Be2 43. Nb2 Kd6 44. Kf2 Bb5 45. e4 Kc5 46. Ke3 Kb4 47. Kd4 Bf1 48. h4 Ka3 49. Kc3 Bxg2 50. e5 Bd5 51. Nd3 h6 52. Nb4 Be4 53. e6 b2 54. Kd4 0-1